MID
ATLANTA (MID) BRAVES @ BINGHAMTON METS
05/17/2048
 
TOP OF THE 1ST
Atlanta (MID) Braves batting - Pitching for Binghamton Mets : RHP Bryan Dorne
Pitching: RHP Bryan Dorne
Batting: RHB Toki Takeuchi 0-0: Ball
1-0: Ground out 4-3 (Groundball, 4, EV 97.5 MPH)
Batting: RHB Badr al Din Ridha 0-0: Ball
1-0: Ground out 4-3 (Groundball, 4M, EV 103.8 MPH)
Batting: RHB Zheng-ze King 0-0: Called Strike
0-1: Fly out, F7 (Flyball, 78S, EV 86.9 MPH)
Top of the 1st over - 0 runs, 0 hits, 0 errors, 0 left on base; Atlanta (MID) 0 - Binghamton 0
BOTTOM OF THE 1ST
Binghamton Mets batting - Pitching for Atlanta (MID) Braves : RHP Iestyn Nicholls
Pitching: RHP Iestyn Nicholls
Batting: LHB Zane Kelton 0-0: Called Strike
0-1: Called Strike
0-2: Strikes out swinging
Batting: SHB Jason Evans 0-0: Called Strike
0-1: Ball
1-1: Foul Ball, location: 2F
1-2: Strikes out swinging
Batting: LHB Bayesa Mundhir 0-0: Ball
1-0: Foul Ball, location: 2F
1-1: Ground out 4-3 (Groundball, 4, EV 96.9 MPH)
Bottom of the 1st over - 0 runs, 0 hits, 0 errors, 0 left on base; Atlanta (MID) 0 - Binghamton 0
TOP OF THE 2ND
Atlanta (MID) Braves batting - Pitching for Binghamton Mets : RHP Bryan Dorne
Batting: LHB Oke Monti 0-0: Ball
1-0: Ball
2-0: Foul Ball, location: 2F
2-1: Swinging Strike
2-2: Fly out, F6 (Popup, 4MD, EV 63.1 MPH)
Batting: RHB Nick Holsinger 0-0: Called Strike
0-1: Swinging Strike
0-2: Ball
1-2: Foul Ball, location: 2F
1-2: Ball
2-2: Strikes out looking
Batting: RHB Armando Moz 0-0: Reached on error, E5 (Groundball, 56S, EV 83.1 MPH)
Batting: RHB Gerard Michel 0-0: Hit by Pitch
Armando Moz to second
Batting: RHB Phil Holman 0-0: Fly out, F9 (Flyball, 9, EV 92.5 MPH)
Top of the 2nd over - 0 runs, 0 hits, 1 error, 2 left on base; Atlanta (MID) 0 - Binghamton 0
BOTTOM OF THE 2ND
Binghamton Mets batting - Pitching for Atlanta (MID) Braves : RHP Iestyn Nicholls
Batting: RHB Mike Hanks 0-0: Ball
1-0: Ground out 4-3 (Groundball, 4, EV 101.9 MPH)
Batting: LHB Dan Bremseth 0-0: Foul Ball, location: 2F
0-1: Swinging Strike
0-2: Foul Ball, location: 2F
0-2: Strikes out swinging
Batting: RHB Nate Henderson 0-0: Called Strike
0-1: Ball
1-1: SINGLE (Flyball, 89S, EV 87.5 MPH)
Batting: RHB Oscar Bravo 0-0: Called Strike
0-1: Foul Ball, location: 2F
0-2: Ball
1-2: Strikes out swinging
Bottom of the 2nd over - 0 runs, 1 hit, 0 errors, 1 left on base; Atlanta (MID) 0 - Binghamton 0
TOP OF THE 3RD
Atlanta (MID) Braves batting - Pitching for Binghamton Mets : RHP Bryan Dorne
Batting: RHB George Provance 0-0: Called Strike
0-1: Called Strike
0-2: Ball
1-2: Strikes out swinging
Batting: RHB Toki Takeuchi 0-0: Ball
1-0: Foul Ball, location: 2F
1-1: Ball
2-1: Called Strike
2-2: Strikes out swinging
Batting: RHB Badr al Din Ridha 0-0: Called Strike
0-1: Ball
1-1: Fly out, F1 (Popup, 15, EV 80.0 MPH)
Top of the 3rd over - 0 runs, 0 hits, 0 errors, 0 left on base; Atlanta (MID) 0 - Binghamton 0
BOTTOM OF THE 3RD
Binghamton Mets batting - Pitching for Atlanta (MID) Braves : RHP Iestyn Nicholls
Batting: RHB Bobby Mabrey 0-0: Ball
1-0: Swinging Strike
1-1: Foul Ball, location: 2F
1-2: Ball
2-2: Strikes out swinging
Batting: RHB Gang-sheng Chew 0-0: Ball
1-0: Swinging Strike
1-1: Foul Ball, location: 2F
1-2: Strikes out looking
Batting: LHB Zane Kelton 0-0: Ball
1-0: DOUBLE (Line Drive, 7LM, EV 111.9 MPH)
Batting: SHB Jason Evans 0-0: Called Strike
0-1: Ball
1-1: Ground out U3 (Groundball, 34, EV 109.4 MPH)
Bottom of the 3rd over - 0 runs, 1 hit, 0 errors, 1 left on base; Atlanta (MID) 0 - Binghamton 0
TOP OF THE 4TH
Atlanta (MID) Braves batting - Pitching for Binghamton Mets : RHP Bryan Dorne
Batting: RHB Zheng-ze King 0-0: Ball
1-0: Called Strike
1-1: Swinging Strike
1-2: Ball
2-2: Foul Ball, location: 2F
2-2: Foul Ball, location: 2F
2-2: Ball
3-2: Foul Ball, location: 2F
3-2: Foul Ball, location: 2F
3-2: Base on Balls
Batting: LHB Oke Monti 0-0: Ball
Zheng-ze King is caught stealing 2nd base 2-6
1-0: Ball
2-0: Ball
3-0: Base on Balls
Batting: RHB Nick Holsinger 0-0: Called Strike
0-1: Foul Ball, location: 2F
0-2: Foul Ball, location: 2F
0-2: Ball
Balk!
Oke Monti to second
1-2: Hit by Pitch
Batting: RHB Armando Moz 0-0: Called Strike
0-1: Foul Ball, location: 2F
0-2: DOUBLE (Flyball, 7D, EV 86.9 MPH)
Oke Monti scores
Nick Holsinger to third
Batting: RHB Gerard Michel 0-0: Ball
1-0: Ball
2-0: DOUBLE (Line Drive, 78M, EV 100.0 MPH)
Nick Holsinger scores
Armando Moz scores
Batting: RHB Phil Holman 0-0: Ground out 3-1 (Groundball, 34, EV 85.0 MPH)
Gerard Michel to third
Batting: RHB George Provance 0-0: Called Strike
0-1: Swinging Strike
0-2: SINGLE (Groundball, 25, EV 65.6 MPH) (infield hit)
Gerard Michel scores
Batting: RHB Toki Takeuchi 0-0: Called Strike
George Provance steals 2nd base (no throw)
0-1: Called Strike
0-2: Ground out 6-3 (Groundball, 6S, EV 65.0 MPH)
Top of the 4th over - 4 runs, 3 hits, 0 errors, 1 left on base; Atlanta (MID) 4 - Binghamton 0
BOTTOM OF THE 4TH
Binghamton Mets batting - Pitching for Atlanta (MID) Braves : RHP Iestyn Nicholls
Batting: LHB Bayesa Mundhir 0-0: Called Strike
0-1: Ball
1-1: Foul Ball, location: 2F
1-2: Ball
2-2: SINGLE (Groundball, 6MD, EV 97.5 MPH)
Batting: RHB Mike Hanks 0-0: SINGLE (Groundball, 6M, EV 95.0 MPH)
Bayesa Mundhir to second
Batting: LHB Dan Bremseth 0-0: Ball
1-0: Ball
2-0: Fly out, F6 (Popup, 6M, EV 54.4 MPH)
Batting: RHB Nate Henderson 0-0: Called Strike
0-1: Called Strike
0-2: Strikes out swinging
Batting: RHB Oscar Bravo 0-0: Ball
1-0: Ball
2-0: Foul Ball, location: 2F
2-1: Ball
3-1: Called Strike
3-2: Foul Ball, location: 2F
3-2: Ground out 4-3 (Groundball, 4S, EV 84.4 MPH)
Bottom of the 4th over - 0 runs, 2 hits, 0 errors, 2 left on base; Atlanta (MID) 4 - Binghamton 0
TOP OF THE 5TH
Atlanta (MID) Braves batting - Pitching for Binghamton Mets : RHP Bryan Dorne
Batting: RHB Badr al Din Ridha 0-0: Ball
1-0: Ball
2-0: Swinging Strike
2-1: Fly out, F7 (Flyball, 7, EV 90.6 MPH)
Batting: RHB Zheng-ze King 0-0: Called Strike
0-1: SINGLE (Groundball, 4, EV 95.0 MPH)
Batting: LHB Oke Monti 0-0: Called Strike
0-1: Grounds into double play, 3-6-3 (Groundball, 3, EV 105.6 MPH)
Top of the 5th over - 0 runs, 1 hit, 0 errors, 0 left on base; Atlanta (MID) 4 - Binghamton 0
BOTTOM OF THE 5TH
Binghamton Mets batting - Pitching for Atlanta (MID) Braves : RHP Iestyn Nicholls
Batting: RHB Bobby Mabrey 0-0: Called Strike
0-1: Ball
1-1: Swinging Strike
1-2: Foul Ball, location: 2F
1-2: Strikes out swinging
Batting: RHB Gang-sheng Chew 0-0: Ball
1-0: Foul Ball, location: 2F
1-1: Ball
2-1: Ball
3-1: Ground out 5-3 (Groundball, 56, EV 86.2 MPH)
Batting: LHB Zane Kelton 0-0: Ball
1-0: Called Strike
1-1: Foul Ball, location: 2F
1-2: Strikes out looking
Bottom of the 5th over - 0 runs, 0 hits, 0 errors, 0 left on base; Atlanta (MID) 4 - Binghamton 0
TOP OF THE 6TH
Atlanta (MID) Braves batting - Pitching for Binghamton Mets : RHP Bryan Dorne
Batting: RHB Nick Holsinger 0-0: Called Strike
0-1: Ball
1-1: Ball
2-1: Called Strike
2-2: Foul Ball, location: 2F
2-2: Ground out 5-3 (Groundball, 56S, EV 86.9 MPH)
Batting: RHB Armando Moz 0-0: Ball
1-0: Ball
2-0: DOUBLE (Flyball, 8RD, EV 102.5 MPH)
Batting: RHB Gerard Michel 0-0: Ground out 5-3 (Groundball, 56, EV 99.4 MPH)
Batting: RHB Phil Holman 0-0: Ball
1-0: Ground out 6-3 (Groundball, 6, EV 90.0 MPH)
Top of the 6th over - 0 runs, 1 hit, 0 errors, 1 left on base; Atlanta (MID) 4 - Binghamton 0
BOTTOM OF THE 6TH
Binghamton Mets batting - Pitching for Atlanta (MID) Braves : RHP Iestyn Nicholls
Batting: SHB Jason Evans 0-0: Ball
1-0: Ball
2-0: Ball
3-0: Called Strike
3-1: Swinging Strike
3-2: Strikes out swinging
Batting: LHB Bayesa Mundhir 0-0: Ball
1-0: DOUBLE (Line Drive, 9LS, EV 104.4 MPH)
Batting: RHB Mike Hanks 0-0: Ball
1-0: Called Strike
1-1: Ball
2-1: Ground out 4-3 (Groundball, 4M, EV 100.6 MPH)
Bayesa Mundhir to third
Batting: LHB Dan Bremseth 0-0: Foul Ball, location: 2F
0-1: Ball
1-1: Foul Ball, location: 2F
1-2: Ball
2-2: Fly out, F9 (Flyball, 9, EV 95.0 MPH)
Bottom of the 6th over - 0 runs, 1 hit, 0 errors, 1 left on base; Atlanta (MID) 4 - Binghamton 0
TOP OF THE 7TH
Atlanta (MID) Braves batting - Pitching for Binghamton Mets : RHP Bryan Dorne
Batting: RHB George Provance 0-0: Ball
1-0: Ground out 1-3 (Groundball, 13S, EV 71.9 MPH)
Batting: RHB Toki Takeuchi 0-0: Called Strike
0-1: Foul Ball, location: 2F
0-2: Foul Ball, location: 2F
0-2: Ball
1-2: Foul Ball, location: 2F
1-2: Ball
2-2: Ball
3-2: SINGLE (Groundball, 4M, EV 85.6 MPH) (infield hit)
Batting: RHB Badr al Din Ridha 0-0: Ball
1-0: Called Strike
Toki Takeuchi steals 2nd base
1-1: Foul Ball, location: 2F
1-2: Reached on error, E5 (Groundball, 15, EV 84.4 MPH)
Toki Takeuchi to third
Batting: RHB Zheng-ze King 0-0: Ball
Badr al Din Ridha steals 2nd base
1-0: Called Strike
1-1: Ball
2-1: Foul Ball, location: 2F
2-2: Hit by Pitch
Batting: LHB Oke Monti 0-0: Swinging Strike
0-1: SINGLE (Line Drive, 89S, EV 95.6 MPH)
Toki Takeuchi scores
Badr al Din Ridha to third
Zheng-ze King to second
Pitching: RHP Brad Brown
Batting: RHB Nick Holsinger 0-0: Ball
1-0: Called Strike
1-1: Foul Ball, location: 2F
1-2: Foul Ball, location: 2F
1-2: Strikes out swinging
Batting: RHB Armando Moz 0-0: Called Strike
0-1: Fielders Choice at 2nd, 6-4 (Groundball, 6, EV 91.9 MPH)
Top of the 7th over - 1 run, 2 hits, 1 error, 3 left on base; Atlanta (MID) 5 - Binghamton 0
BOTTOM OF THE 7TH
Binghamton Mets batting - Pitching for Atlanta (MID) Braves : RHP Iestyn Nicholls
Batting: RHB Nate Henderson 0-0: Ball
1-0: Reached on error, E4 (Groundball, 34, EV 91.2 MPH)
Pitching: RHP Kevin Zika
Batting: RHB Oscar Bravo 0-0: Ball
1-0: Ball
2-0: Ball
3-0: Base on Balls
Batting: RHB Bobby Mabrey 0-0: Called Strike
0-1: Ball
1-1: Foul Ball, location: 2F
1-2: Foul Ball, location: 2F
1-2: Fly out, F9 (Line Drive, 9S, EV 111.9 MPH)
Pinch Hitting: SHB Jerry Burrows 0-0: Called Strike
0-1: Called Strike
0-2: Strikes out swinging
Batting: LHB Zane Kelton 0-0: Ball
1-0: Ball
2-0: Ground out U3 (Groundball, 3L, EV 98.1 MPH)
Bottom of the 7th over - 0 runs, 0 hits, 1 error, 2 left on base; Atlanta (MID) 5 - Binghamton 0
TOP OF THE 8TH
Atlanta (MID) Braves batting - Pitching for Binghamton Mets : RHP Brad Brown
Now at 2B: Jerry Burrows
Now at 3B: Zane Kelton
Batting: RHB Gerard Michel 0-0: Called Strike
0-1: DOUBLE (Line Drive, 8LXD, EV 99.4 MPH)
Batting: RHB Phil Holman 0-0: Ball
1-0: Called Strike
1-1: Called Strike
1-2: Strikes out swinging
Batting: RHB George Provance 0-0: Ground out 5-3 (Groundball, 56, EV 90.0 MPH)
Batting: RHB Toki Takeuchi 0-0: Foul Ball, location: 2F
0-1: Foul Ball, location: 2F
0-2: Strikes out swinging
Top of the 8th over - 0 runs, 1 hit, 0 errors, 1 left on base; Atlanta (MID) 5 - Binghamton 0
BOTTOM OF THE 8TH
Binghamton Mets batting - Pitching for Atlanta (MID) Braves : RHP Kevin Zika
Batting: SHB Jason Evans 0-0: Called Strike
0-1: Swinging Strike
0-2: Ball
1-2: Ball
2-2: Strikes out swinging
Batting: LHB Bayesa Mundhir 0-0: Called Strike
0-1: Called Strike
0-2: Fly out, F8 (Flyball, 8LM, EV 88.8 MPH)
Batting: RHB Mike Hanks 0-0: Ball
1-0: Ground out 5-3 (Groundball, 5L, EV 104.4 MPH)
Bottom of the 8th over - 0 runs, 0 hits, 0 errors, 0 left on base; Atlanta (MID) 5 - Binghamton 0
TOP OF THE 9TH
Atlanta (MID) Braves batting - Pitching for Binghamton Mets : RHP Brad Brown
Batting: RHB Badr al Din Ridha 0-0: Foul Ball, location: 2F
0-1: Foul Ball, location: 2F
0-2: Ball
1-2: Ground out 5-3 (Groundball, 56, EV 83.1 MPH)
Batting: RHB Zheng-ze King 0-0: Foul Ball, location: 2F
0-1: Foul Ball, location: 2F
0-2: Foul Ball, location: 2F
0-2: Strikes out swinging
Batting: LHB Oke Monti 0-0: Called Strike
0-1: Ball
1-1: Ball
2-1: Foul Ball, location: 2F
2-2: SINGLE (Groundball, 4, EV 98.8 MPH)
Batting: RHB Nick Holsinger 0-0: Called Strike
0-1: Foul Ball, location: 2F
0-2: Ball
1-2: Strikes out looking
Top of the 9th over - 0 runs, 1 hit, 0 errors, 1 left on base; Atlanta (MID) 5 - Binghamton 0
BOTTOM OF THE 9TH
Binghamton Mets batting - Pitching for Atlanta (MID) Braves : RHP Kevin Zika
Batting: LHB Dan Bremseth 0-0: SINGLE (Groundball, 6S, EV 61.9 MPH) (infield hit)
Batting: RHB Nate Henderson 0-0: Called Strike
0-1: Ball
1-1: Ball
2-1: Ball
3-1: Swinging Strike
3-2: 2-RUN HOME RUN (Flyball, 78XD, EV 106.2 MPH), Distance : 417 ft
Batting: RHB Oscar Bravo 0-0: Foul Ball, location: 2F
0-1: Foul Ball, location: 2F
0-2: SINGLE (Groundball, 5S, EV 66.2 MPH) (infield hit)
Batting: RHB Bobby Mabrey 0-0: Foul Ball, location: 2F
0-1: Ball
1-1: Ball
2-1: Ball
3-1: Called Strike
3-2: Foul Ball, location: 2F
3-2: Foul Ball, location: 2F
3-2: Strikes out swinging
Oscar Bravo is caught stealing 2nd base 2-4
Batter strikes out.
Pitching: RHP Seriozha Darzinsh
Batting: SHB Jerry Burrows 0-0: Fly out, F8 (Flyball, 78D, EV 98.1 MPH)
Bottom of the 9th over - 2 runs, 3 hits, 0 errors, 0 left on base; Atlanta (MID) 5 - Binghamton 2
Tuesday, March 28th , 2023 - OOTP Baseball 23.10 Build 110